 Dungeon Crawl Stone Soup version 0.28-a0-845-gfc338a8e3c (webtiles) character file.

Game seed: 18158148584126209760

228 Gargoyl the Skirmisher (level 6, -6/53 HPs)
             Began as a Gnoll Abyssal Knight on Nov 13, 2021.
             Was a Believer of Lugonu.
             Mangled by Menkaure (19 damage)
             ... on level 4 of the Dungeon.
             The game lasted 00:04:39 (4320 turns).

Gargoyl the Skirmisher (Gnoll Abyssal Knight)       Turns: 4320, Time: 00:04:40

Health: -6/53      AC:  8    Str: 15    XL:     6   Next: 2%
Magic:  9/9        EV: 11    Int:  9    God:    Lugonu [**....]
Gold:   131        SH:  0    Dex: 12    Spells: 8/8 levels left

rFire   . . .      SeeInvis .   a - +5 hand axe (flame)
rCold   . . .      Faith    .   (no shield)
rNeg    . . .      Spirit   .   d - +0 ring mail
rPois   .          Reflect  .   (no helmet)
rElec   .          Harm     .   c - +1 cloak
rCorr   .          Rampage  .   (no gloves)
Will    .....                   (no boots)
Stlth   +.........              b - amulet of the acrobat
HPRegen 0.17/turn               (no ring)
MPRegen 0.11/turn               (no ring)

@: no status effects
A: fangs 1, strong nose, distributed training
a: Renounce Religion, Depart the Abyss, Bend Space


You were on level 4 of the Dungeon.
You worshipped Lugonu.
Lugonu was pleased with you.
You visited 1 branch of the dungeon, and saw 4 of its levels.
You visited the Abyss 1 time.

You collected 206 gold pieces.
You spent 75 gold pieces at shops.

Inventory:

Hand Weapons
 a - a +5 hand axe of flaming (weapon)
Armour
 c - a +1 cloak (worn)
 d - a +0 ring mail (worn)
Jewellery
 b - an amulet of the acrobat (around neck)
Wands
 l - a wand of polymorph (6)
Scrolls
 e - 5 scrolls of teleportation
 h - 2 scrolls of identify
Potions
 f - 3 potions of flight {unknown}
 g - a potion of invisibility {unknown}
 i - 2 potions of magic
 n - a potion of cancellation {unknown}


   Skills:
 + Level 6.7 Fighting
 + Level 1.7 Short Blades
 + Level 1.7 Long Blades
 + Level 4.9 Axes
 + Level 1.7 Maces & Flails
 + Level 1.7 Polearms
 + Level 1.7 Staves
 + Level 1.7 Slings
 + Level 1.7 Bows
 + Level 1.7 Crossbows
 + Level 1.7 Throwing
 + Level 4.9 Armour
 + Level 3.1 Dodging
 + Level 1.7 Stealth
 + Level 1.7 Shields
 + Level 1.7 Unarmed Combat
 + Level 1.7 Spellcasting
 + Level 1.3 Conjurations
 + Level 1.3 Hexes
 + Level 1.3 Summonings
 + Level 1.3 Necromancy
 + Level 1.3 Translocations
 + Level 1.3 Transmutations
 + Level 1.3 Fire Magic
 + Level 1.3 Ice Magic
 + Level 1.3 Air Magic
 + Level 1.3 Earth Magic
 + Level 1.3 Poison Magic
 + Level 5.0 Invocations
 + Level 1.7 Evocations


You had 8 spell levels left.
You didn't know any spells.
Your spell library was empty.

Dungeon Overview and Level Annotations

Branches:
Dungeon (4/15)             Temple (0/1) D:4

Altars:
Kikubaaqudgha
Uskayaw

Shops:
D:3 *

Annotations:
D:4 Menkaure


Innate Abilities, Weirdness & Mutations

You have very sharp teeth.
Your uncanny sense of smell can sniff out nearby items.
Your experience applies equally to all skills.


Message History

Your +4 hand axe glows red for a moment.
g - a grey potion
As you read the scroll labelled JOSEEKY XEFOE, it crumbles to dust.
It is a scroll of enchant armour.
Really abort (and waste the scroll)?
Your +0 cloak glows green for a moment.
As you read the scroll labelled NIXOBIDAUTZ, it crumbles to dust.
It is a scroll of brand weapon.
Your +5 hand axe is engulfed in flames!
a - a +5 hand axe of flaming (weapon)
You now have 131 gold pieces (gained 12).
Found 21 bolts.
Found a dagger.
Found a stone staircase leading down.
You see here a +0 dagger.
There is a stone staircase leading down here.
Found a long sword.
You see here 21 bolts.
Menkaure, Prince of Dust comes into view.
Menkaure gestures at you while chanting.
Pain shoots through your body!
Menkaure points at you and mumbles some strange words.
Pain shoots through your body!
You barely miss Menkaure. Menkaure closely misses you.
You hit Menkaure. You burn Menkaure. You bite Menkaure, but do no damage.
Menkaure is lightly damaged.
Menkaure hits you!!
You hit Menkaure. You burn Menkaure.
Menkaure is moderately damaged.
Menkaure casts a spell at you. Pain shoots through your body!
* * * LOW HITPOINT WARNING * * *
You hit Menkaure. You burn Menkaure.
Menkaure is heavily damaged.
You hit Menkaure. You burn Menkaure.
Menkaure is severely damaged.
Menkaure misses you.
Unknown command.
You feel better. Menkaure hits you!!
You die...

#..#.# #..##
#.# #..#.#
#...# #.#
#..#.# #.#.#
#.# # #.# #.#.#
#.# #.#
#.#.###.# ..#
#.......#
###.#####
#..##########.#
......M@......#
###############


You could see Menkaure.

Vanquished Creatures
  A water moccasin skeleton (D:4)
  A jelly (D:4)
  An orc wizard (D:4)
  5 adders
  An ufetubus (D:4)
  3 worms
  2 dart slugs
  5 orcs (D:4)
  3 bats
  8 endoplasms
  4 giant cockroaches
  4 hobgoblins
  A quokka (D:2)
  7 ball pythons
  A frilled lizard (D:2)
  6 goblins
  4 kobolds
  3 rats
60 creatures vanquished.

Vanquished Creatures (others)
  2 starspawn tentacles (Abyss:1)
2 creatures vanquished.

Grand Total: 62 creatures vanquished

Notes
Turn   | Place    | Note
-------+----------+-------------------------------------------
     0 | Abyss:1  | Gargoyl the Gnoll Abyssal Knight began the quest for the
                  | Orb.
     0 | Abyss:1  | Reached XP level 1. HP: 23/23 MP: 3/3
    72 | Abyss:1  | Noticed a small abomination
   355 | Abyss:1  | Noticed a tentacled starspawn
   370 | Abyss:1  | Noticed a tentacled starspawn
   424 | Abyss:2  | Found a corrupted altar of Lugonu.
   456 | Abyss:2  | Noticed a small abomination
   457 | Abyss:2  | Noticed a large abomination
   458 | Abyss:2  | Noticed a tormentor
   459 | Abyss:2  | Noticed a hellion
   460 | Abyss:2  | Noticed a raiju
   461 | Abyss:2  | Noticed a raiju
   461 | D:1      | Escaped the Abyss
   948 | D:1      | Reached XP level 2. HP: 25/29 MP: 5/5
   954 | D:1      | Reached * piety under Lugonu
  1485 | D:2      | Reached XP level 3. HP: 20/35 MP: 6/6
  1497 | D:2      | HP: 1/35 [poisoned by an adder]
  2031 | D:2      | Reached skill level 1 in Short Blades
  2031 | D:2      | Reached skill level 1 in Long Blades
  2031 | D:2      | Reached skill level 1 in Maces & Flails
  2031 | D:2      | Reached skill level 1 in Polearms
  2031 | D:2      | Reached skill level 1 in Staves
  2031 | D:2      | Reached skill level 1 in Slings
  2031 | D:2      | Reached skill level 1 in Bows
  2031 | D:2      | Reached skill level 1 in Crossbows
  2031 | D:2      | Reached skill level 1 in Throwing
  2031 | D:2      | Reached skill level 1 in Stealth
  2031 | D:2      | Reached skill level 1 in Shields
  2031 | D:2      | Reached skill level 1 in Unarmed Combat
  2031 | D:2      | Reached skill level 1 in Spellcasting
  2031 | D:2      | Reached skill level 1 in Evocations
  2031 | D:2      | Reached XP level 4. HP: 41/41 MP: 7/7
  2428 | D:2      | Found a hide-covered altar of Uskayaw.
  2841 | D:3      | Found Fuecs's Assorted Antiques.
  2850 | D:3      | Bought a scroll of teleportation for 75 gold pieces
  3155 | D:3      | Found an ancient bone altar of Kikubaaqudgha.
  3171 | D:3      | Reached skill level 1 in Conjurations
  3171 | D:3      | Reached skill level 1 in Hexes
  3171 | D:3      | Reached skill level 1 in Summonings
  3171 | D:3      | Reached skill level 1 in Necromancy
  3171 | D:3      | Reached skill level 1 in Translocations
  3171 | D:3      | Reached skill level 1 in Transmutations
  3171 | D:3      | Reached skill level 1 in Fire Magic
  3171 | D:3      | Reached skill level 1 in Ice Magic
  3171 | D:3      | Reached skill level 1 in Air Magic
  3171 | D:3      | Reached skill level 1 in Earth Magic
  3171 | D:3      | Reached skill level 1 in Poison Magic
  3890 | D:4      | Reached XP level 5. HP: 33/47 MP: 8/8
  3991 | D:4      | Reached ** piety under Lugonu
  3995 | D:4      | Found a staircase to the Ecumenical Temple.
  4004 | D:4      | Reached skill level 5 in Invocations
  4004 | D:4      | Reached XP level 6. HP: 32/53 MP: 9/9
  4310 | D:4      | Noticed Menkaure
  4320 | D:4      | Mangled by Menkaure

Illustrated notes

Levels and vault maps discovered:
D:1:      ebering_trefoil_3fold, layout_basic, shapermc_ecumenical_altar_petra,
          due_unseen_surprise
D:2:      layout_loops_ring, basic_altar
D:3:      layout_basic, kiku_gazebo_pond_becter, serial_shops,
          nicolae_shop_trees, kennysheep_nondescript
D:4:      cheibrodos_helix_gallery, layout_loops_ring,
          minmay_temple_entry_junction, uniq_menkaure

Skill      XL: |  1  2  3  4  5 |
---------------+----------------+-----
Short Blades   | 1 |  1.7
Long Blades    | 1 |  1.7
Maces & Flails | 1 |  1.7
Polearms       | 1 |  1.7
Staves         | 1 |  1.7
Slings         | 1 |  1.7
Bows           | 1 |  1.7
Crossbows      | 1 |  1.7
Throwing       | 1 |  1.7
Stealth        | 1 |  1.7
Shields        | 1 |  1.7
Unarmed Combat | 1 |  1.7
Spellcasting   | 1 |  1.7
Evocations     | 1 |  1.7
Conjurations   | 1 |  1.3
Hexes          | 1 |  1.3
Summonings     | 1 |  1.3
Necromancy     | 1 |  1.3
Translocations | 1 |  1.3
Transmutations | 1 |  1.3
Fire Magic     | 1 |  1.3
Ice Magic      | 1 |  1.3
Air Magic      | 1 |  1.3
Earth Magic    | 1 |  1.3
Poison Magic   | 1 |  1.3
Dodging        | 3 |  3.1
Invocations    | 5 |  5.0
Fighting       | |  6.7
Axes           | |  4.9
Armour         | |  4.9

Action                   |  1- 3 |  4- 6 || total
-------------------------+-------+-------++-------
Melee: Hand axe          |    69 |    86 ||   155
       Bite              |     4 |     4 ||     8
Invok: Depart the Abyss  |     1 |       ||     1
  Use: Scroll            |     9 |     5 ||    14
       Potion            |     2 |     1 ||     3
Armor: Ring mail         |    20 |    27 ||    47
Dodge: Dodged            |    44 |    72 ||   116

Table legend: (Time is in decaauts)
 A = Elapsed time spent in this place.
 B = Non-inter-level travel time spent in this place.
 C = Inter-level travel time spent in this place.
 D = Time resting spent in this place.
 E = Time spent auto-exploring this place.
 F = Levels seen in this place.
 G = Mean time per level.
                   A        B        C        D        E       F      G
               +--------+--------+--------+--------+--------+-----+--------+
         Total |   4332 |   4213 |    119 |    508 |   3113 |   6 |  722.0 |
       Dungeon |   3871 |   3752 |    119 |    252 |   3014 |   4 |  967.8 |
         Abyss |    460 |    460 |      0 |    256 |     99 |   2 |  230.0 |
               +--------+--------+--------+--------+--------+-----+--------+

Top non-repeatable levels by time:
     D:1: 1265 daAuts
     D:3: 1081 daAuts
     D:2: 1076 daAuts
     D:4: 448 daAuts
 Abyss:1: 424 daAuts
 Abyss:2: 36 daAuts
